 Dungeon Crawl Stone Soup version 0.23.2-33-g5129a83184 (webtiles) character file.

Game seed: 15533222140340093590

1586 Araneus the Ducker (level 8, -12/51 HPs)
             Began as an Octopode Transmuter on May 27, 2019.
             Mangled by Joseph
             ... wielding a +0 quarterstaff
              (22 damage)
             ... on level 7 of the Dungeon on June 28, 2019.
             The game lasted 00:47:50 (8649 turns).

Araneus the Ducker (Octopode Transmuter)            Turns: 8649, Time: 00:47:50

Health: -12/51     AC:  1    Str:  9    XL:     8   Next: 92%
Magic:  13/15      EV: 16    Int: 16    God:
Gold:   576        SH:  0    Dex: 14    Spells: 7/17 levels left

rFire    . . .     SeeInvis +   B - +2 dagger (chaos)
rCold    . . .     Gourm    .   (no shield)
rNeg     . . .     Faith    .   (helmet restricted)
rPois    .         Spirit   .   (no amulet)
rElec    .         Reflect  .   i - ring of protection from magic
rCorr    .         Harm     .   z - ring of see invisible
MR       +....                  (no ring)
Stlth    ++++......             (no ring)
HPRegen  0.17/turn              (no ring)
MPRegen  0.14/turn              (no ring)
                                (no ring)
                                (no ring)

@: flying
A: almost no armour, stealthy swim, amphibious, 8 rings, constrict 8, camouflage
1, gelatinous body 1
a: no special abilities


You were on level 7 of the Dungeon.
You were not hungry.

You visited 1 branch of the dungeon, and saw 7 of its levels.
You also visited: Ossuary.

You collected 576 gold pieces.

Inventory:

Hand Weapons
 l - a +0 dagger of speed
 q - a +0 morningstar
 B - a +2 dagger of chaos (weapon)
Missiles
 m - 175 stones (quivered)
 u - 77 arrows
Jewellery
 i - a ring of protection from magic (left tentacle)
 z - a ring of see invisible (right tentacle)
Wands
 a - a wand of random effects (21)
 r - a wand of flame (20)
 C - a wand of iceblast (9)
Scrolls
 b - a scroll of enchant armour {unknown}
 e - a scroll of remove curse
 k - a scroll of fog {unknown}
 p - a scroll of noise {unknown}
 s - a scroll of enchant weapon {unknown}
 v - a scroll of torment {unknown}
 x - a scroll of magic mapping {unknown}
 y - a scroll of amnesia
Potions
 d - 3 potions of flight
 f - 5 potions of curing
 g - 2 potions of lignification
 h - 3 potions of berserk rage
 j - a potion of magic
 n - a potion of haste
 o - 2 potions of cancellation
 t - 2 potions of mutation
 w - a potion of agility
 A - a potion of invisibility {unknown}
 D - a potion of heal wounds
Comestibles
 c - 9 rations


   Skills:
 * Level 2.7 Fighting
 + Level 6.2 Dodging
 - Level 4.0 Stealth
 * Level 3.1 Unarmed Combat
 - Level 5.0 Spellcasting
 + Level 5.1 Transmutations
 - Level 3.0 Ice Magic
 * Level 2.4 Poison Magic


You had 7 spell levels left.
You knew the following spells:

 Your Spells              Type           Power        Failure   Level  Hunger
a - Beastly Appendage     Tmut           ###...       1%          1    None
b - Sticks to Snakes      Tmut           ###.....     2%          2    #......
c - Spider Form           Tmut/Pois      ###.......   10%         3    ###....
d - Ice Form              Ice/Tmut       ###.....     28%         4    ####...

Your spell library contained the following spells:

 Spells                   Type           Power        Failure   Level  Hunger
 Animate Skeleton         Necr           N/A          16%         1    None
 Apportation              Tloc           #.....       16%         1    None
 Confusing Touch          Hex            #.....       16%         1    None
 Summon Small Mammal      Summ           #...         16%         1    None
 Blade Hands              Tmut           ###.......   45%         5    ######.


Dungeon Overview and Level Annotations

Branches:
Dungeon (7/15)             Temple (0/1) D:6

Altars:
Ashenzari
Dithmenos
Fedhas
Gozag
Makhleb
Nemelex Xobeh
Ru
Trog
Uskayaw
Xom
The Shining One

Shops:
D:5 (   D:7 :

Annotations:
D:4 exclusion: phantom
D:7 Joseph


Innate Abilities, Weirdness & Mutations

You cannot wear most types of armour.
You are very stealthy in the water. (Stealth+)
You are amphibious.
You can wear up to eight rings at the same time.
You can use your tentacles to constrict eight enemies at once.
Your skin changes colour to match your surroundings (Stealth+).
Your rubbery body absorbs attacks. (AC +1, EV +1)


Message History

Casting: Beastly Appendage (safe; 1% risk of failure)
Confirm with . or Enter, or press ? or * to list all spells.
You create a snake!
You now have 77 arrows.
Joseph misses you.
The big kobold hits you with a +0 dagger.
Joseph closely misses you.
Your ball python bites the big kobold but does no damage.
Your ball python grabs the big kobold.
Your ball python constricts the big kobold.
Your ball python bites the big kobold but does no damage.
Your ball python constricts the big kobold.
The big kobold struggles to escape constriction.
Joseph hits you with a +0 quarterstaff!!
Ouch! That really hurt!
* * * LOW HITPOINT WARNING * * *
You feel very buoyant.
You fly up into the air.
Your ball python barely misses the big kobold.
Your ball python constricts the big kobold.
Joseph hits you with a +0 quarterstaff!!
You die...

##.....##...........#...# ...
#########...........#...# ...
#...................'...# ....
#...................#...#.....
#...................#####....#
#...............##..#........#
####...##...##..##.)#........#
####...#######...K.K(........#
.............#..@@K.#........#
.............#....K.#.K..##+##
######.###..##...S..#....# .#
#.#######..##..#)...# .#
#..........##..#K...# .#
#.......รท......#.K..# .#
#..............#....# <###
#..###.#########....#
...########.##.# ......


You could see Joseph (berserk), a big kobold, 3 kobolds and a friendly ball
python.

Vanquished Creatures
  A sky beast (D:7)
  A black bear (D:6)
  A centaur (D:5)
  A crocodile (D:6)
  2 scorpions
  2 wights (D:6)
  A centaur zombie (D:6)
  2 crimson imps
  3 orc priests (D:4)
  3 hounds
  2 iguanas
  3 orc wizards
  4 worker ants
  A big kobold zombie (Ossuary)
  8 mummies (Ossuary)
  7 adders
  3 shadow imps
  2 oozes
  An adder skeleton (D:6)
  4 worms
  2 dart slugs (D:3)
  3 leopard geckos
  9 orcs
  2 giant cockroaches
  8 hobgoblins
  4 jackals (D:7)
  10 kobolds
  4 quokkas
  3 ball pythons
  A ball python skeleton (D:4)
  3 bats
  13 frilled lizards
  10 goblins
  4 hobgoblin zombies (Ossuary)
  2 kobold zombies (Ossuary)
  An orc zombie (Ossuary)
  A quokka skeleton (D:5)
  3 rats
  A butterfly (D:6)
  A plant (D:2)
137 creatures vanquished.

Vanquished Creatures (collateral kills)
  A hungry ghost (D:7)
  An ice beast (D:6)
  An ogre (D:6)
  A wight (D:6)
  A worker ant (D:4)
  An adder (D:2)
  6 orcs
  A kobold (D:2)
13 creatures vanquished.

Vanquished Creatures (others)
  4 toadstools (D:1)
4 creatures vanquished.

Grand Total: 154 creatures vanquished

Notes
Turn   | Place    | Note
-------+----------+-------------------------------------------
     0 | D:1      | Araneus the Octopode Transmuter began the quest for the
                  | Orb.
     0 | D:1      | Reached XP level 1. HP: 13/13 MP: 3/3
   210 | D:1      | Reached XP level 2. HP: 18/18 MP: 3/5
  1099 | D:2      | Found a hide-covered altar of Uskayaw.
  1111 | D:2      | Reached XP level 3. HP: 23/23 MP: 5/7
  1349 | D:2      | Found a bloodstained altar of Trog.
  1490 | D:2      | Learned a level 2 spell: Sticks to Snakes
  1501 | D:2      | Learned a level 3 spell: Spider Form
  1812 | D:2      | Found an opulent altar of Gozag.
  1814 | D:2      | Found a sparkling altar of Nemelex Xobeh.
  2187 | D:3      | Found a sacrificial altar of Ru.
  2221 | D:3      | Reached XP level 4. HP: 26/28 MP: 5/8
  2954 | D:3      | Reached skill level 1 in Poison Magic
  3084 | D:4      | Found a sand-covered staircase.
  3109 | Ossuary  | Entered an ossuary
  3300 | Ossuary  | Reached XP level 5. HP: 15/33 MP: 8/10
  3678 | Ossuary  | Reached skill level 1 in Stealth
  4185 | D:4      | Reached XP level 6. HP: 34/38 MP: 1/12
  4375 | D:4      | Noticed a phantom
  4779 | D:4      | Found a blossoming altar of Fedhas.
  4780 | D:4      | Found a shadowy altar of Dithmenos.
  4971 | D:4      | Found a shattered altar of Ashenzari.
  5085 | D:5      | Entered Level 5 of the Dungeon
  5139 | D:5      | Learned a level 4 spell: Ice Form
  5178 | D:5      | Reached XP level 7. HP: 35/43 MP: 12/14
  5347 | D:5      | Found a shimmering altar of Xom.
  5354 | D:5      | Reached skill level 5 in Transmutations
  5362 | D:5      | Reached skill level 5 in Spellcasting
  5404 | D:5      | Found Daklel's Antique Weapon Emporium.
  5581 | D:5      | Reached skill level 3 in Dodging
  6090 | D:6      | Upgraded the game from 0.23.2-1-ga50397a6bc to
                  | 0.23.2-33-g5129a83184
  6568 | D:6      | Found a staircase to the Ecumenical Temple.
  6617 | D:6      | Reached skill level 4 in Dodging
  6805 | D:6      | Reached XP level 8. HP: 37/48 MP: 13/15
  6817 | D:6      | Reached skill level 1 in Ice Magic
  7603 | D:6      | Found a glowing golden altar of the Shining One.
  7794 | D:6      | Found a shimmering altar of Xom.
  7794 | D:6      | Found a burning altar of Makhleb.
  8059 | D:6      | Reached skill level 5 in Dodging
  8299 | D:7      | Found Ygilieq's Book Boutique.
  8387 | D:7      | Reached skill level 6 in Dodging
  8633 | D:7      | Noticed Joseph
  8649 | D:7      | Mangled by Joseph

Skill      XL: |  1  2  3  4  5  6  7  8 |
---------------+-------------------------+-----
Spellcasting   | 3 4 5 |  5.0
Transmutations | 3 4 5 |  5.1
Poison Magic   | 1 2 |  2.4
Stealth        | 1 4 |  4.0
Dodging        | 4 6 |  6.2
Ice Magic      | 3 |  3.0
Fighting       | 2 |  2.7
Unarmed Combat | |  3.1

Action                   |  1- 3 |  4- 6 |  7- 9 || total
-------------------------+-------+-------+-------++-------
Melee: Unarmed           |   108 |    40 |       ||   148
       Constrict         |    26 |    43 |    37 ||   106
       Kick              |    21 |    49 |    48 ||   118
       Tentacles         |    16 |    41 |    44 ||   101
       Punch             |     2 |     8 |     7 ||    17
       Dagger            |       |   151 |   186 ||   337
Throw: Stone             |       |     1 |       ||     1
 Cast: Beastly Appendage |    21 |    28 |    24 ||    73
       Sticks to Snakes  |     5 |    14 |    10 ||    29
  Use: Scroll            |       |     5 |     8 ||    13
       Potion            |       |     1 |     1 ||     2
 Stab: Sleeping          |     4 |     8 |    13 ||    25
       Distracted        |       |       |     2 ||     2
  Eat: Chunk             |     4 |     7 |     6 ||    17
       Ration            |       |     1 |     3 ||     4
Armor: Skin              |     4 |     3 |     7 ||    14
Dodge: Dodged            |    40 |    68 |    75 ||   183
